[ AOE2 MATCH · #479129333 ]
Team RMBurgundians vs Mongols
[ REPLAY ANALYSIS · EXTRACTED FROM THE RECORDED GAME ]
Feudal
13:06
Castle
17:03
Imperial
36:59
| APM avg | 32.5 |
| APM peak | 77 |
| eAPM avg | 18.6 |
| Villagers / military | 181 / 164 |
Focus
⚔️ 35.5% · 🌾 64.5%
Knight ×115 · Spearman ×27 · Coustillier ×9 · Trebuchet (Packed) ×7 · Flemish Militia ×4 · Monk ×1
Feudal
13:26
Castle
18:40
Imperial
43:34
| APM avg | 39.0 |
| APM peak | 80 |
| eAPM avg | 22.3 |
| Villagers / military | 116 / 77 |
Focus
⚔️ 29.3% · 🌾 70.7%
Spearman ×33 · Woad Raider ×20 · Battering Ram ×12 · Monk ×6 · Militia ×2 · Mangonel ×2
Feudal
12:33
Castle
16:18
Imperial
34:52
| APM avg | 83.8 |
| APM peak | 145 |
| eAPM avg | 44.8 |
| Villagers / military | 174 / 212 |
Focus
⚔️ 26.5% · 🌾 73.5%
Skirmisher ×105 · Fire Lancer ×46 · Scout Cavalry ×24 · Battle Elephant ×21 · Archer ×13 · Trebuchet (Packed) ×2
Feudal
12:59
Castle
37:45
Imperial
51:02
| APM avg | 24.2 |
| APM peak | 58 |
| eAPM avg | 13.5 |
| Villagers / military | 127 / 65 |
Focus
⚔️ 19.4% · 🌾 80.6%
Spearman ×58 · Scout Cavalry ×5 · Bombard Cannon ×2
Feudal
12:40
Castle
27:51
Imperial
45:06
| APM avg | 50.7 |
| APM peak | 105 |
| eAPM avg | 18.2 |
| Villagers / military | 121 / 113 |
Focus
⚔️ 25.9% · 🌾 74.1%
Camel Scout ×54 · Archer ×27 · Chakram Thrower ×24 · Spearman ×2 · Elephant Archer ×2 · Armored Elephant ×2
Feudal
11:55
Castle
25:56
Imperial
30:37
| APM avg | 36.9 |
| APM peak | 99 |
| eAPM avg | 17.8 |
| Villagers / military | 140 / 169 |
Focus
⚔️ 32.7% · 🌾 67.3%
Kipchak ×113 · Knight ×35 · Trebuchet (Packed) ×21 · Fishing Ship ×14
Feudal
11:37
Castle
21:06
Imperial
39:33
| APM avg | 34.3 |
| APM peak | 58 |
| eAPM avg | 23.8 |
| Villagers / military | 191 / 120 |
Focus
⚔️ 26.0% · 🌾 74.0%
Camel Scout ×59 · Scout Cavalry ×58 · Spearman ×3
Feudal
13:39
Castle
17:09
Imperial
37:34
| APM avg | 56.4 |
| APM peak | 91 |
| eAPM avg | 29.0 |
| Villagers / military | 278 / 153 |
Focus
⚔️ 30.2% · 🌾 69.8%
Cavalry Archer ×71 · Camel Scout ×45 · Steppe Lancer ×27 · Monk ×4 · Trebuchet (Packed) ×4 · Spearman ×2
Match map
Initial resources + every placement click. Lines = walls · curves = elevation contours. ◆ gold · ⬟ stone · ● berries · ✦ relic · ◌ wall gap
Your base· Open — unwalled flank
Hector the Well-Endowed's base· Open — unwalled flank
Bro 平凡's base· Open — unwalled flank
ajanderson120's base· Open — 6t gap
正在长身体的菜鸡's base· Open — 11t gap
YOGRANNYCANTSCRAP's base· Open — unwalled flank
drkbeer's base· Open — 7t gap
The Daunting Knight's base· Open — 12t gap
Smoothed initial terrain · ◌ = detected wall gap · hover for details
Inputs per minute
— Happy to be Noob - - Hector the Well-Endowed
Build order — Happy to be Noob
First 150 of 508 actions detected
| 0:20 | Build | Town Center |
| 2:24 | Build | House |
| 2:31 | Create | Villager (Male) |
| 2:36 | Create | Villager (Male) |
| 2:36 | Create | Villager (Male) |
| 2:37 | Create | Villager (Male) |
| 2:37 | Create | Villager (Male) |
| 3:48 | Research | Loom |
| 4:23 | Build | House |
| 4:31 | Create | Villager (Male) |
| 4:31 | Create | Villager (Male) |
| 4:31 | Create | Villager (Male) |
| 4:55 | Create | Villager (Male) |
| 4:55 | Create | Villager (Male) |
| 5:16 | Build | House |
| 6:00 | Build | Mill |
| 6:21 | Create | Villager (Male) |
| 6:21 | Create | Villager (Male) |
| 6:30 | Build | House |
| 6:35 | Create | Villager (Male) |
| 6:35 | Create | Villager (Male) |
| 6:37 | Create | Villager (Male) |
| 6:42 | Create | Villager (Male) |
| 6:54 | Create | Villager (Male) |
| 6:56 | Create | Villager (Male) |
| 7:05 | Build | House |
| 7:37 | Create | Villager (Male) |
| 7:54 | Create | Villager (Male) |
| 8:41 | Create | Villager (Male) |
| 8:45 | Build | House |
| 9:05 | Create | Villager (Male) |
| 9:17 | Create | Villager (Male) |
| 9:17 | Create | Villager (Male) |
| 9:22 | Create | Villager (Male) |
| 9:22 | Create | Villager (Male) |
| 9:31 | Build | Mining Camp |
| 9:34 | Create | Villager (Male) |
| 9:34 | Create | Villager (Male) |
| 9:34 | Create | Villager (Male) |
| 10:11 | Create | Villager (Male) |
| 10:17 | Create | Villager (Male) |
| 10:33 | Research | Feudal Age |
| 11:16 | Build | House |
| 12:18 | Build | House |
| 12:50 | Create | Villager (Male) |
| 12:50 | Create | Villager (Male) |
| 13:06 | Age | Feudal Age |
| 13:09 | Build | Blacksmith |
| 13:21 | Build | Market |
| 13:57 | Create | Villager (Male) |
| 14:09 | Research | Castle Age |
| 14:28 | Build | Lumber Camp |
| 15:16 | Research | Double-Bit Axe |
| 16:10 | Build | Barracks |
| 16:18 | Create | Villager (Male) |
| 16:18 | Create | Villager (Male) |
| 16:19 | Create | Villager (Male) |
| 16:46 | Research | Horse Collar |
| 16:52 | Create | Flemish Militia |
| 16:52 | Create | Flemish Militia |
| 16:53 | Create | Flemish Militia |
| 16:53 | Create | Flemish Militia |
| 17:03 | Age | Castle Age |
| 17:32 | Create | Villager (Male) |
| 17:40 | Build | House |
| 18:04 | Build | Castle |
| 18:21 | Create | Villager (Male) |
| 19:09 | Create | Coustillier |
| 19:18 | Build | Siege Workshop |
| 20:13 | Create | Villager (Male) |
| 20:21 | Build | Town Center |
| 20:32 | Research | Fletching |
| 20:38 | Build | Farm |
| 20:39 | Build | Farm |
| 20:56 | Create | Battering Ram |
| 21:06 | Create | Villager (Male) |
| 21:06 | Create | Villager (Male) |
| 21:16 | Create | Villager (Male) |
| 21:33 | Create | Villager (Male) |
| 21:41 | Create | Villager (Male) |
| 21:45 | Create | Villager (Male) |
| 21:50 | Create | Villager (Male) |
| 21:50 | Create | Villager (Male) |
| 22:02 | Build | Town Center |
| 22:05 | Create | Villager (Male) |
| 22:08 | Create | Villager (Male) |
| 22:08 | Create | Villager (Male) |
| 22:13 | Research | Heavy Plow |
| 22:15 | Create | Villager (Male) |
| 22:32 | Create | Villager (Male) |
| 22:37 | Create | Villager (Male) |
| 22:37 | Create | Villager (Male) |
| 22:42 | Create | Villager (Male) |
| 22:46 | Research | Bow Saw |
| 22:51 | Create | Villager (Male) |
| 22:57 | Create | Villager (Male) |
| 23:42 | Create | Villager (Male) |
| 23:44 | Create | Villager (Male) |
| 23:46 | Create | Villager (Male) |
| 23:46 | Create | Villager (Male) |
| 23:49 | Create | Villager (Male) |
| 23:51 | Create | Villager (Male) |
| 24:00 | Build | Mill |
| 24:06 | Create | Coustillier |
| 24:29 | Create | Villager (Male) |
| 24:31 | Create | Villager (Male) |
| 24:35 | Build | Monastery |
| 24:49 | Create | Coustillier |
| 25:22 | Build | Farm |
| 25:22 | Build | Farm |
| 25:23 | Build | Farm |
| 25:24 | Build | Farm |
| 25:26 | Create | Villager (Male) |
| 26:02 | Create | Villager (Male) |
| 26:06 | Create | Villager (Male) |
| 26:15 | Build | Farm |
| 26:17 | Build | Farm |
| 26:27 | Create | Villager (Male) |
| 26:30 | Create | Villager (Male) |
| 26:34 | Create | Monk |
| 26:41 | Build | Farm |
| 26:42 | Build | Farm |
| 26:43 | Build | Farm |
| 26:44 | Build | Farm |
| 26:45 | Build | Farm |
| 26:48 | Create | Villager (Male) |
| 26:51 | Create | Villager (Male) |
| 27:03 | Create | Villager (Male) |
| 27:11 | Create | Coustillier |
| 27:37 | Create | Coustillier |
| 28:03 | Build | Farm |
| 28:04 | Build | Farm |
| 28:06 | Build | Farm |
| 28:06 | Create | Villager (Male) |
| 28:12 | Create | Villager (Male) |
| 28:29 | Create | Villager (Male) |
| 28:33 | Create | Villager (Male) |
| 28:35 | Create | Villager (Male) |
| 28:39 | Create | Villager (Male) |
| 28:43 | Build | Farm |
| 28:44 | Build | Farm |
| 28:45 | Build | Farm |
| 28:47 | Create | Villager (Male) |
| 29:05 | Create | Villager (Male) |
| 29:06 | Create | Villager (Male) |
| 29:08 | Create | Villager (Male) |
| 29:12 | Build | House |
| 29:13 | Build | House |
| 29:22 | Build | Town Center |
| 29:27 | Create | Villager (Male) |
Build order — Hector the Well-Endowed
First 150 of 324 actions detected
| 1:06 | Build | Town Center |
| 1:14 | Build | House |
| 3:15 | Create | Villager (Male) |
| 3:15 | Create | Villager (Male) |
| 3:22 | Create | Villager (Male) |
| 3:22 | Create | Villager (Male) |
| 4:26 | Research | Loom |
| 5:07 | Build | House |
| 5:09 | Build | Lumber Camp |
| 5:26 | Create | Villager (Male) |
| 5:34 | Create | Villager (Male) |
| 5:54 | Create | Villager (Male) |
| 6:13 | Create | Villager (Male) |
| 6:42 | Create | Villager (Male) |
| 7:05 | Create | Villager (Male) |
| 7:33 | Build | House |
| 7:41 | Create | Villager (Male) |
| 7:42 | Create | Villager (Male) |
| 8:05 | Build | Mill |
| 8:11 | Create | Villager (Male) |
| 8:44 | Create | Villager (Male) |
| 9:14 | Build | Mill |
| 9:16 | Create | Villager (Male) |
| 9:43 | Create | Villager (Male) |
| 10:05 | Build | House |
| 10:07 | Build | Palisade Wall |
| 10:09 | Build | Palisade Wall |
| 10:18 | Create | Villager (Male) |
| 10:36 | Build | Mining Camp |
| 10:47 | Create | Villager (Male) |
| 10:59 | Research | Feudal Age |
| 11:20 | Build | Palisade Wall |
| 11:20 | Build | Palisade Wall |
| 11:57 | Create | Villager (Male) |
| 12:02 | Build | Barracks |
| 12:17 | Build | House |
| 12:52 | Build | Palisade Wall |
| 12:53 | Build | Palisade Wall |
| 13:26 | Age | Feudal Age |
| 13:28 | Create | Villager (Male) |
| 13:29 | Create | Spearman |
| 13:46 | Build | Outpost |
| 13:55 | Create | Spearman |
| 14:04 | Build | Blacksmith |
| 14:09 | Create | Villager (Male) |
| 14:34 | Build | House |
| 14:39 | Create | Villager (Male) |
| 14:53 | Build | Market |
| 15:01 | Build | House |
| 15:07 | Create | Villager (Male) |
| 15:22 | Build | Stone Wall |
| 15:33 | Create | Villager (Male) |
| 15:35 | Research | Town Watch |
| 15:58 | Research | Castle Age |
| 16:31 | Create | Spearman |
| 16:43 | Research | Double-Bit Axe |
| 16:53 | Research | Horse Collar |
| 17:09 | Create | Villager (Male) |
| 18:11 | Build | Mining Camp |
| 18:40 | Age | Castle Age |
| 18:45 | Build | Town Center |
| 18:52 | Create | Villager (Male) |
| 18:59 | Build | Lumber Camp |
| 19:02 | Create | Villager (Male) |
| 19:57 | Create | Villager (Male) |
| 20:06 | Create | Villager (Male) |
| 20:12 | Build | Watch Tower |
| 20:27 | Build | Siege Workshop |
| 20:30 | Create | Villager (Male) |
| 20:34 | Create | Villager (Male) |
| 20:39 | Research | Wheelbarrow |
| 21:13 | Build | Town Center |
| 21:43 | Create | Villager (Male) |
| 22:17 | Create | Scorpion |
| 22:21 | Create | Villager (Male) |
| 22:49 | Create | Villager (Male) |
| 23:03 | Create | Villager (Male) |
| 23:27 | Build | House |
| 23:33 | Create | Villager (Male) |
| 23:40 | Create | Villager (Male) |
| 24:13 | Create | Villager (Male) |
| 24:19 | Build | Town Center |
| 24:23 | Create | Villager (Male) |
| 25:00 | Build | House |
| 25:26 | Build | Stone Wall |
| 25:30 | Build | Stone Wall |
| 25:33 | Create | Villager (Male) |
| 26:12 | Build | House |
| 26:19 | Build | House |
| 26:21 | Create | Villager (Male) |
| 26:49 | Create | Villager (Male) |
| 27:27 | Build | Market |
| 27:31 | Create | Villager (Male) |
| 27:39 | Create | Scorpion |
| 28:03 | Create | Villager (Male) |
| 28:24 | Create | Mangonel |
| 28:58 | Build | Monastery |
| 28:59 | Create | Villager (Male) |
| 29:04 | Build | Farm |
| 29:37 | Build | Farm |
| 29:39 | Build | Farm |
| 29:41 | Create | Monk |
| 30:00 | Create | Monk |
| 30:08 | Create | Villager (Male) |
| 30:22 | Create | Villager (Male) |
| 30:34 | Create | Villager (Male) |
| 31:18 | Create | Villager (Male) |
| 31:51 | Create | Villager (Male) |
| 31:52 | Create | Villager (Male) |
| 32:07 | Create | Mangonel |
| 32:29 | Build | Castle |
| 32:35 | Create | Monk |
| 32:38 | Create | Villager (Male) |
| 32:39 | Create | Villager (Male) |
| 32:41 | Build | Farm |
| 32:41 | Build | Farm |
| 32:41 | Build | Farm |
| 32:41 | Build | Farm |
| 32:51 | Build | Castle |
| 33:12 | Create | Villager (Male) |
| 33:13 | Create | Villager (Male) |
| 33:15 | Build | House |
| 33:34 | Create | Villager (Male) |
| 33:49 | Build | Farm |
| 33:49 | Create | Villager (Male) |
| 33:50 | Create | Villager (Male) |
| 33:51 | Create | Woad Raider |
| 33:54 | Build | Siege Workshop |
| 34:01 | Create | Battering Ram |
| 34:01 | Create | Battering Ram |
| 34:02 | Create | Woad Raider |
| 34:02 | Create | Woad Raider |
| 34:06 | Build | Blacksmith |
| 34:11 | Build | Mill |
| 34:23 | Create | Villager (Male) |
| 34:25 | Create | Woad Raider |
| 34:36 | Create | Battering Ram |
| 34:37 | Create | Battering Ram |
| 34:39 | Build | Mining Camp |
| 34:43 | Create | Battering Ram |
| 34:44 | Create | Woad Raider |
| 34:44 | Create | Woad Raider |
| 34:49 | Create | Villager (Male) |
| 35:06 | Create | Battering Ram |
| 35:23 | Build | Farm |
| 35:26 | Build | Farm |
| 35:27 | Create | Woad Raider |
| 35:28 | Create | Woad Raider |
| 35:28 | Create | Woad Raider |
| 35:40 | Create | Battering Ram |
Build order — Bro 平凡
First 150 of 595 actions detected
| 0:14 | Build | Town Center |
| 1:09 | Build | House |
| 2:28 | Create | Villager (Male) |
| 2:28 | Create | Villager (Male) |
| 2:29 | Create | Villager (Male) |
| 2:29 | Create | Villager (Male) |
| 2:49 | Build | House |
| 3:03 | Build | House |
| 3:51 | Create | Villager (Male) |
| 4:21 | Create | Villager (Male) |
| 4:22 | Create | Villager (Male) |
| 4:25 | Build | House |
| 5:15 | Create | Villager (Male) |
| 5:15 | Create | Villager (Male) |
| 5:16 | Create | Villager (Male) |
| 5:42 | Build | Lumber Camp |
| 5:48 | Create | Villager (Male) |
| 5:48 | Create | Villager (Male) |
| 5:58 | Create | Villager (Male) |
| 6:26 | Create | Villager (Male) |
| 6:26 | Create | Villager (Male) |
| 6:45 | Build | House |
| 6:51 | Create | Villager (Male) |
| 7:02 | Create | Villager (Male) |
| 7:02 | Create | Villager (Male) |
| 7:30 | Create | Villager (Male) |
| 7:51 | Create | Villager (Male) |
| 7:59 | Build | Mill |
| 8:15 | Create | Villager (Male) |
| 8:26 | Create | Villager (Male) |
| 8:32 | Build | House |
| 8:36 | Build | House |
| 8:50 | Build | House |
| 9:01 | Create | Villager (Male) |
| 9:08 | Build | House |
| 9:21 | Build | House |
| 10:02 | Build | Mining Camp |
| 10:19 | Research | Feudal Age |
| 11:47 | Create | Villager (Male) |
| 12:09 | Create | Villager (Male) |
| 12:33 | Age | Feudal Age |
| 12:36 | Build | Market |
| 12:38 | Build | Blacksmith |
| 12:41 | Build | Palisade Wall |
| 13:38 | Research | Castle Age |
| 13:44 | Build | Barracks |
| 14:24 | Research | Double-Bit Axe |
| 14:49 | Build | Archery Range |
| 15:45 | Build | Archery Range |
| 15:47 | Research | Fletching |
| 15:54 | Build | Mill |
| 16:00 | Build | Mill |
| 16:07 | Create | Villager (Male) |
| 16:09 | Research | Loom |
| 16:18 | Age | Castle Age |
| 16:44 | Build | House |
| 16:57 | Create | Archer |
| 17:12 | Research | Crossbowman (upgrade) |
| 17:12 | Research | Crossbowman (upgrade) |
| 17:15 | Create | Archer |
| 17:15 | Create | Archer |
| 17:16 | Create | Archer |
| 17:16 | Create | Archer |
| 17:29 | Build | Town Center |
| 17:37 | Create | Archer |
| 17:50 | Create | Villager (Male) |
| 17:51 | Create | Archer |
| 18:03 | Create | Villager (Male) |
| 18:21 | Build | House |
| 18:29 | Create | Archer |
| 18:30 | Create | Archer |
| 18:55 | Create | Villager (Male) |
| 19:14 | Create | Villager (Male) |
| 19:51 | Research | Bodkin Arrow |
| 20:23 | Create | Villager (Male) |
| 20:39 | Create | Villager (Male) |
| 20:41 | Build | Farm |
| 21:18 | Create | Villager (Male) |
| 21:18 | Create | Villager (Male) |
| 21:24 | Build | Town Center |
| 21:29 | Create | Villager (Male) |
| 21:33 | Build | Farm |
| 21:34 | Build | Farm |
| 21:34 | Build | Farm |
| 21:36 | Build | Farm |
| 21:40 | Research | Horse Collar |
| 21:40 | Research | Horse Collar |
| 22:09 | Create | Villager (Male) |
| 22:15 | Build | Farm |
| 22:15 | Build | Farm |
| 22:27 | Create | Villager (Male) |
| 22:31 | Build | House |
| 22:32 | Build | House |
| 22:36 | Create | Villager (Male) |
| 22:40 | Build | Farm |
| 22:50 | Create | Villager (Male) |
| 22:50 | Create | Villager (Male) |
| 23:27 | Create | Villager (Male) |
| 23:27 | Create | Villager (Male) |
| 23:31 | Build | House |
| 23:31 | Build | House |
| 23:33 | Create | Villager (Male) |
| 23:37 | Build | Farm |
| 23:38 | Build | Farm |
| 23:48 | Create | Villager (Male) |
| 23:48 | Create | Villager (Male) |
| 23:57 | Create | Villager (Male) |
| 23:58 | Create | Villager (Male) |
| 23:58 | Create | Villager (Male) |
| 24:02 | Build | Farm |
| 24:03 | Build | Farm |
| 24:24 | Create | Villager (Male) |
| 24:24 | Create | Villager (Male) |
| 24:27 | Create | Villager (Male) |
| 24:30 | Build | Farm |
| 24:50 | Create | Villager (Male) |
| 24:50 | Create | Villager (Male) |
| 24:53 | Build | Farm |
| 24:54 | Build | Farm |
| 24:56 | Build | Farm |
| 25:19 | Create | Villager (Male) |
| 25:20 | Create | Villager (Male) |
| 25:20 | Create | Villager (Male) |
| 25:20 | Create | Villager (Male) |
| 25:22 | Build | House |
| 25:23 | Build | House |
| 25:24 | Build | House |
| 25:33 | Create | Villager (Male) |
| 25:34 | Create | Villager (Male) |
| 25:35 | Create | Villager (Male) |
| 25:36 | Build | Farm |
| 25:37 | Create | Villager (Male) |
| 25:37 | Create | Villager (Male) |
| 25:48 | Build | Farm |
| 25:49 | Create | Villager (Male) |
| 25:49 | Create | Villager (Male) |
| 25:52 | Build | House |
| 26:08 | Create | Villager (Male) |
| 26:09 | Create | Villager (Male) |
| 26:14 | Build | Farm |
| 26:15 | Build | Farm |
| 26:19 | Build | House |
| 26:19 | Build | House |
| 26:27 | Create | Villager (Male) |
| 26:27 | Create | Villager (Male) |
| 26:27 | Create | Villager (Male) |
| 26:39 | Research | Wheelbarrow |
| 26:41 | Create | Villager (Male) |
| 26:41 | Create | Villager (Male) |
| 27:00 | Build | Town Center |
Build order — ajanderson120
First 150 of 306 actions detected
| 0:40 | Build | Town Center |
| 2:59 | Build | Palisade Wall |
| 3:05 | Build | Palisade Wall |
| 3:08 | Create | Villager (Male) |
| 3:08 | Create | Villager (Male) |
| 3:11 | Build | House |
| 3:11 | Build | House |
| 3:14 | Create | Villager (Male) |
| 3:14 | Create | Villager (Male) |
| 3:21 | Build | Palisade Wall |
| 3:25 | Build | Palisade Wall |
| 4:35 | Research | Loom |
| 4:51 | Create | Villager (Male) |
| 5:09 | Create | Villager (Male) |
| 5:37 | Create | Villager (Male) |
| 5:43 | Build | Lumber Camp |
| 6:04 | Create | Villager (Male) |
| 6:49 | Create | Villager (Male) |
| 6:51 | Create | Villager (Male) |
| 7:17 | Build | House |
| 7:18 | Build | House |
| 7:37 | Create | Villager (Male) |
| 8:11 | Create | Villager (Male) |
| 8:35 | Create | Villager (Male) |
| 8:46 | Create | Villager (Male) |
| 9:25 | Create | Villager (Male) |
| 9:41 | Create | Villager (Male) |
| 10:19 | Build | Mill |
| 10:24 | Create | Villager (Male) |
| 10:40 | Build | Mining Camp |
| 10:49 | Research | Feudal Age |
| 11:27 | Create | Villager (Male) |
| 12:52 | Create | Villager (Male) |
| 12:53 | Create | Villager (Male) |
| 12:59 | Age | Feudal Age |
| 13:01 | Build | Barracks |
| 13:31 | Build | Watch Tower |
| 13:36 | Create | Villager (Male) |
| 13:43 | Build | House |
| 13:46 | Build | Blacksmith |
| 13:54 | Create | Villager (Male) |
| 14:18 | Create | Spearman |
| 14:18 | Create | Spearman |
| 14:54 | Create | Villager (Male) |
| 14:59 | Build | Watch Tower |
| 15:12 | Create | Villager (Male) |
| 15:18 | Build | House |
| 15:19 | Build | House |
| 16:11 | Build | Stable |
| 16:38 | Create | Scout Cavalry |
| 16:38 | Create | Scout Cavalry |
| 16:51 | Build | Mining Camp |
| 17:10 | Research | Fletching |
| 17:46 | Build | Mining Camp |
| 18:05 | Create | Spearman |
| 18:06 | Create | Spearman |
| 18:06 | Create | Villager (Male) |
| 18:06 | Create | Villager (Male) |
| 18:08 | Create | Villager (Male) |
| 18:31 | Create | Scout Cavalry |
| 18:36 | Research | Double-Bit Axe |
| 18:54 | Build | Watch Tower |
| 19:14 | Create | Scout Cavalry |
| 19:14 | Create | Scout Cavalry |
| 19:32 | Build | Watch Tower |
| 23:07 | Build | Mining Camp |
| 26:57 | Build | Town Center |
| 27:51 | Create | Villager (Male) |
| 27:51 | Create | Villager (Male) |
| 27:57 | Build | House |
| 27:58 | Build | House |
| 28:01 | Build | House |
| 28:25 | Build | Blacksmith |
| 28:30 | Build | Market |
| 28:33 | Create | Villager (Male) |
| 29:04 | Create | Villager (Male) |
| 29:09 | Create | Villager (Male) |
| 29:35 | Create | Villager (Male) |
| 30:03 | Build | House |
| 30:04 | Build | House |
| 30:05 | Build | House |
| 30:06 | Build | House |
| 30:21 | Create | Villager (Male) |
| 30:33 | Build | Mill |
| 30:36 | Create | Villager (Male) |
| 30:55 | Create | Villager (Male) |
| 30:57 | Create | Villager (Male) |
| 31:17 | Create | Villager (Male) |
| 31:27 | Research | Horse Collar |
| 31:30 | Create | Villager (Male) |
| 31:53 | Build | Farm |
| 31:54 | Build | Farm |
| 31:54 | Build | Farm |
| 31:55 | Build | Farm |
| 31:55 | Build | Farm |
| 31:55 | Build | Farm |
| 31:56 | Build | Farm |
| 32:00 | Create | Villager (Male) |
| 32:17 | Build | Farm |
| 32:36 | Build | Mill |
| 33:01 | Create | Villager (Male) |
| 33:04 | Create | Villager (Male) |
| 33:11 | Build | Farm |
| 33:11 | Build | Farm |
| 33:11 | Build | Farm |
| 33:12 | Build | Farm |
| 33:12 | Build | Farm |
| 33:13 | Build | Farm |
| 33:40 | Create | Villager (Male) |
| 33:40 | Create | Villager (Male) |
| 34:37 | Create | Villager (Male) |
| 34:46 | Research | Castle Age |
| 35:08 | Build | Lumber Camp |
| 37:24 | Research | Scale Mail Armor |
| 37:45 | Age | Castle Age |
| 37:47 | Research | Bow Saw |
| 37:51 | Build | Town Center |
| 37:56 | Build | Town Center |
| 38:01 | Create | Villager (Male) |
| 38:03 | Research | Heavy Plow |
| 38:32 | Create | Villager (Male) |
| 38:33 | Create | Villager (Male) |
| 38:43 | Create | Villager (Male) |
| 38:54 | Create | Villager (Male) |
| 38:57 | Create | Villager (Male) |
| 39:01 | Create | Villager (Male) |
| 39:04 | Create | Villager (Male) |
| 39:04 | Create | Villager (Male) |
| 39:05 | Create | Villager (Male) |
| 39:06 | Create | Villager (Male) |
| 39:25 | Build | House |
| 39:26 | Build | House |
| 39:28 | Build | House |
| 39:29 | Build | House |
| 39:30 | Build | House |
| 39:30 | Build | House |
| 39:35 | Create | Villager (Male) |
| 39:37 | Create | Villager (Male) |
| 39:47 | Create | Villager (Male) |
| 39:56 | Create | Villager (Male) |
| 40:03 | Create | Villager (Male) |
| 40:14 | Create | Villager (Male) |
| 40:22 | Create | Villager (Male) |
| 40:26 | Create | Villager (Male) |
| 40:27 | Create | Villager (Male) |
| 40:38 | Create | Villager (Male) |
| 40:51 | Build | University |
| 40:55 | Build | Siege Workshop |
| 41:02 | Create | Villager (Male) |
| 41:09 | Create | Villager (Male) |
Build order — 正在长身体的菜鸡
First 150 of 385 actions detected
| 0:11 | Build | Town Center |
| 1:24 | Build | House |
| 2:34 | Build | House |
| 2:35 | Create | Villager (Male) |
| 2:35 | Create | Villager (Male) |
| 2:36 | Research | Loom |
| 2:36 | Create | Villager (Male) |
| 2:37 | Create | Villager (Male) |
| 3:10 | Build | House |
| 3:35 | Create | Villager (Male) |
| 3:44 | Build | House |
| 3:57 | Build | Lumber Camp |
| 4:19 | Create | Villager (Male) |
| 5:15 | Create | Villager (Male) |
| 5:15 | Create | Villager (Male) |
| 6:14 | Create | Villager (Male) |
| 6:15 | Create | Villager (Male) |
| 6:15 | Create | Villager (Male) |
| 6:15 | Create | Villager (Male) |
| 6:56 | Create | Villager (Male) |
| 7:36 | Build | House |
| 8:15 | Build | Palisade Wall |
| 8:22 | Create | Villager (Male) |
| 8:46 | Create | Villager (Male) |
| 9:09 | Create | Villager (Male) |
| 9:16 | Build | Mill |
| 9:35 | Create | Villager (Male) |
| 10:30 | Research | Feudal Age |
| 10:38 | Build | House |
| 11:18 | Build | Barracks |
| 11:46 | Build | Palisade Wall |
| 11:47 | Build | Palisade Wall |
| 11:50 | Create | Villager (Male) |
| 12:34 | Build | Palisade Wall |
| 12:35 | Build | Palisade Wall |
| 12:40 | Age | Feudal Age |
| 12:42 | Build | Palisade Gate |
| 12:49 | Build | Archery Range |
| 12:57 | Create | Villager (Male) |
| 13:11 | Create | Villager (Male) |
| 13:23 | Research | Double-Bit Axe |
| 13:28 | Research | Horse Collar |
| 13:33 | Create | Villager (Male) |
| 13:37 | Create | Archer |
| 13:37 | Create | Archer |
| 13:41 | Build | Watch Tower |
| 14:25 | Create | Archer |
| 15:11 | Create | Villager (Male) |
| 15:11 | Create | Villager (Male) |
| 15:24 | Build | Archery Range |
| 15:55 | Create | Villager (Male) |
| 16:09 | Create | Villager (Male) |
| 16:20 | Create | Archer |
| 16:33 | Build | Farm |
| 16:46 | Create | Archer |
| 16:56 | Build | Farm |
| 17:15 | Build | Outpost |
| 17:22 | Create | Spearman |
| 17:45 | Create | Archer |
| 17:46 | Create | Archer |
| 18:07 | Create | Villager (Male) |
| 18:09 | Create | Spearman |
| 18:11 | Create | Villager (Male) |
| 18:29 | Create | Archer |
| 18:29 | Create | Archer |
| 18:31 | Create | Villager (Male) |
| 18:32 | Create | Villager (Male) |
| 18:34 | Build | House |
| 18:56 | Research | Wheelbarrow |
| 19:06 | Create | Villager (Male) |
| 19:10 | Build | House |
| 19:11 | Build | House |
| 19:18 | Create | Archer |
| 19:18 | Create | Archer |
| 19:38 | Create | Archer |
| 19:40 | Create | Villager (Male) |
| 19:46 | Build | Mining Camp |
| 19:49 | Build | Farm |
| 19:51 | Build | Farm |
| 19:58 | Build | Blacksmith |
| 20:04 | Build | Farm |
| 20:06 | Build | Farm |
| 20:08 | Build | Farm |
| 20:13 | Build | House |
| 20:17 | Create | Villager (Male) |
| 20:28 | Create | Archer |
| 20:44 | Build | House |
| 21:13 | Research | Fletching |
| 21:13 | Create | Villager (Male) |
| 21:19 | Create | Villager (Male) |
| 21:36 | Build | Market |
| 21:46 | Create | Villager (Male) |
| 21:52 | Create | Archer |
| 21:52 | Create | Archer |
| 21:52 | Create | Archer |
| 22:18 | Create | Villager (Male) |
| 22:35 | Build | Lumber Camp |
| 22:41 | Research | Padded Archer Armor |
| 22:43 | Create | Villager (Male) |
| 22:48 | Build | House |
| 22:50 | Build | House |
| 22:57 | Build | Farm |
| 23:12 | Create | Archer |
| 23:13 | Create | Archer |
| 23:30 | Create | Villager (Male) |
| 23:33 | Create | Villager (Male) |
| 23:33 | Create | Villager (Male) |
| 23:51 | Build | House |
| 23:52 | Build | House |
| 24:11 | Build | Farm |
| 24:24 | Create | Villager (Male) |
| 24:42 | Build | Farm |
| 25:04 | Research | Castle Age |
| 25:12 | Build | Farm |
| 25:15 | Build | Farm |
| 25:17 | Create | Archer |
| 25:18 | Create | Archer |
| 25:18 | Create | Archer |
| 25:32 | Build | Farm |
| 25:35 | Create | Archer |
| 25:35 | Create | Archer |
| 26:17 | Create | Villager (Male) |
| 26:19 | Create | Archer |
| 26:20 | Create | Archer |
| 26:33 | Build | Mill |
| 26:36 | Build | Farm |
| 26:38 | Build | Farm |
| 26:39 | Build | Farm |
| 26:40 | Build | Farm |
| 26:54 | Build | Outpost |
| 27:04 | Research | Town Watch |
| 27:22 | Build | Farm |
| 27:38 | Build | House |
| 27:51 | Age | Castle Age |
| 27:55 | Build | Mining Camp |
| 27:58 | Research | Crossbowman (upgrade) |
| 28:00 | Research | Thumb Ring |
| 28:02 | Research | Bodkin Arrow |
| 28:03 | Research | Bodkin Arrow |
| 28:20 | Build | Outpost |
| 28:22 | Create | Archer |
| 28:22 | Create | Archer |
| 28:47 | Research | Hand Cart |
| 28:54 | Build | House |
| 28:55 | Build | House |
| 29:14 | Build | Siege Workshop |
| 29:16 | Create | Villager (Male) |
| 29:16 | Create | Villager (Male) |
| 29:26 | Create | Elephant Archer |
| 29:26 | Create | Elephant Archer |
Build order — YOGRANNYCANTSCRAP
First 150 of 445 actions detected
| 0:41 | Build | Town Center |
| 3:01 | Create | Villager (Male) |
| 3:01 | Create | Villager (Male) |
| 3:01 | Create | Villager (Male) |
| 3:02 | Create | Villager (Male) |
| 3:27 | Build | House |
| 4:10 | Create | Villager (Male) |
| 4:45 | Build | Lumber Camp |
| 5:06 | Create | Villager (Male) |
| 5:07 | Create | Villager (Male) |
| 5:35 | Build | House |
| 5:54 | Create | Villager (Male) |
| 5:59 | Create | Villager (Male) |
| 6:13 | Create | Villager (Male) |
| 6:44 | Build | House |
| 6:52 | Create | Villager (Male) |
| 6:54 | Create | Villager (Male) |
| 7:00 | Build | House |
| 7:10 | Create | Villager (Male) |
| 7:36 | Build | House |
| 8:25 | Create | Villager (Male) |
| 8:30 | Create | Villager (Male) |
| 8:38 | Create | Villager (Male) |
| 8:39 | Create | Villager (Male) |
| 8:55 | Build | Mill |
| 8:56 | Create | Villager (Male) |
| 9:04 | Build | House |
| 9:27 | Create | Villager (Male) |
| 9:45 | Research | Feudal Age |
| 10:14 | Build | House |
| 10:27 | Build | House |
| 11:04 | Build | House |
| 11:05 | Build | Palisade Wall |
| 11:07 | Create | Villager (Male) |
| 11:55 | Age | Feudal Age |
| 11:57 | Create | Villager (Male) |
| 12:03 | Build | Town Center |
| 12:08 | Create | Villager (Male) |
| 12:25 | Research | Double-Bit Axe |
| 12:47 | Create | Villager (Male) |
| 12:58 | Create | Villager (Male) |
| 13:25 | Build | House |
| 13:29 | Build | House |
| 13:33 | Create | Villager (Male) |
| 13:33 | Create | Villager (Male) |
| 13:33 | Create | Villager (Male) |
| 13:42 | Create | Villager (Male) |
| 14:07 | Build | Farm |
| 14:10 | Build | Farm |
| 14:24 | Create | Villager (Male) |
| 14:24 | Create | Villager (Male) |
| 14:33 | Build | Dock |
| 14:34 | Create | Villager (Male) |
| 14:45 | Build | Lumber Camp |
| 14:46 | Create | Villager (Male) |
| 14:58 | Research | Loom |
| 15:13 | Create | Villager (Male) |
| 15:13 | Create | Villager (Male) |
| 15:16 | Build | Farm |
| 15:18 | Build | Farm |
| 15:24 | Create | Fishing Ship |
| 15:32 | Build | House |
| 15:34 | Build | House |
| 15:40 | Create | Villager (Male) |
| 15:48 | Build | Farm |
| 15:52 | Build | Farm |
| 15:57 | Build | Farm |
| 16:00 | Create | Villager (Male) |
| 16:07 | Build | Farm |
| 16:23 | Build | House |
| 16:27 | Create | Fishing Ship |
| 16:31 | Build | House |
| 16:33 | Build | House |
| 16:39 | Build | House |
| 16:42 | Build | Palisade Wall |
| 16:43 | Create | Villager (Male) |
| 16:44 | Create | Fishing Ship |
| 16:47 | Build | House |
| 16:50 | Build | Farm |
| 16:51 | Create | Fishing Ship |
| 17:00 | Build | Farm |
| 17:00 | Create | Villager (Male) |
| 17:19 | Create | Villager (Male) |
| 17:20 | Create | Fishing Ship |
| 17:22 | Build | House |
| 17:26 | Build | House |
| 17:30 | Build | House |
| 17:32 | Build | House |
| 17:35 | Build | House |
| 17:38 | Build | House |
| 17:41 | Build | House |
| 17:43 | Create | Villager (Male) |
| 17:48 | Build | Farm |
| 17:49 | Build | Farm |
| 17:49 | Build | Farm |
| 17:49 | Build | Farm |
| 17:49 | Build | Farm |
| 17:57 | Build | House |
| 18:01 | Build | House |
| 18:07 | Build | House |
| 18:09 | Create | Villager (Male) |
| 18:13 | Create | Villager (Male) |
| 18:16 | Build | Farm |
| 18:16 | Build | Farm |
| 18:17 | Build | Farm |
| 18:17 | Build | Farm |
| 18:17 | Create | Villager (Male) |
| 18:24 | Build | Farm |
| 18:25 | Build | Farm |
| 18:25 | Build | Farm |
| 18:25 | Build | Farm |
| 18:34 | Create | Fishing Ship |
| 18:48 | Build | House |
| 19:00 | Create | Villager (Male) |
| 19:00 | Create | Villager (Male) |
| 19:01 | Create | Fishing Ship |
| 19:02 | Create | Villager (Male) |
| 19:08 | Build | Mining Camp |
| 19:11 | Build | Farm |
| 19:11 | Build | Farm |
| 19:11 | Build | Farm |
| 19:12 | Build | Farm |
| 19:12 | Build | Farm |
| 19:12 | Create | Villager (Male) |
| 19:27 | Build | Fish Trap |
| 19:29 | Create | Villager (Male) |
| 19:30 | Create | Villager (Male) |
| 19:34 | Build | Fish Trap |
| 19:44 | Build | Fish Trap |
| 19:45 | Create | Villager (Male) |
| 19:47 | Build | Farm |
| 19:47 | Build | Farm |
| 19:47 | Build | Farm |
| 19:47 | Build | Farm |
| 19:48 | Build | Farm |
| 19:48 | Create | Villager (Male) |
| 19:56 | Build | Farm |
| 19:56 | Build | Farm |
| 19:57 | Build | Farm |
| 19:59 | Create | Villager (Male) |
| 20:07 | Create | Fishing Ship |
| 20:15 | Build | Fish Trap |
| 20:18 | Create | Villager (Male) |
| 20:34 | Create | Villager (Male) |
| 20:46 | Build | Fish Trap |
| 20:47 | Create | Villager (Male) |
| 20:48 | Create | Fishing Ship |
| 21:01 | Create | Villager (Male) |
| 21:04 | Build | Fish Trap |
| 21:09 | Create | Villager (Male) |
Build order — drkbeer
First 150 of 500 actions detected
| 0:05 | Build | Town Center |
| 2:07 | Build | House |
| 2:16 | Create | Villager (Male) |
| 2:16 | Create | Villager (Male) |
| 2:16 | Create | Villager (Male) |
| 2:16 | Create | Villager (Male) |
| 3:10 | Create | Villager (Male) |
| 3:10 | Create | Villager (Male) |
| 3:34 | Create | Villager (Male) |
| 3:34 | Create | Villager (Male) |
| 3:56 | Create | Villager (Male) |
| 4:07 | Build | House |
| 4:15 | Build | House |
| 4:20 | Create | Villager (Male) |
| 4:35 | Build | Mill |
| 4:43 | Create | Villager (Male) |
| 4:58 | Build | House |
| 5:09 | Create | Villager (Male) |
| 5:12 | Build | House |
| 5:26 | Create | Villager (Male) |
| 5:27 | Create | Villager (Male) |
| 5:42 | Create | Villager (Male) |
| 5:55 | Build | House |
| 6:40 | Build | Mill |
| 6:44 | Create | Villager (Male) |
| 6:44 | Create | Villager (Male) |
| 6:55 | Create | Villager (Male) |
| 6:55 | Create | Villager (Male) |
| 6:55 | Create | Villager (Male) |
| 6:56 | Create | Villager (Male) |
| 7:10 | Create | Villager (Male) |
| 7:10 | Create | Villager (Male) |
| 7:20 | Create | Villager (Male) |
| 7:31 | Create | Villager (Male) |
| 7:31 | Create | Villager (Male) |
| 7:31 | Create | Villager (Male) |
| 7:52 | Build | House |
| 8:04 | Create | Villager (Male) |
| 8:07 | Build | House |
| 8:20 | Create | Villager (Male) |
| 8:20 | Create | Villager (Male) |
| 8:32 | Create | Villager (Male) |
| 8:50 | Build | Mining Camp |
| 9:27 | Research | Feudal Age |
| 9:27 | Research | Feudal Age |
| 9:31 | Create | Villager (Male) |
| 10:31 | Build | Barracks |
| 10:41 | Build | House |
| 10:49 | Research | Loom |
| 10:49 | Create | Villager (Male) |
| 10:50 | Create | Villager (Male) |
| 11:37 | Age | Feudal Age |
| 11:40 | Build | Stable |
| 11:43 | Create | Villager (Male) |
| 12:08 | Build | Stable |
| 12:24 | Create | Villager (Male) |
| 12:32 | Create | Scout Cavalry |
| 12:34 | Create | Scout Cavalry |
| 12:42 | Create | Villager (Male) |
| 12:47 | Build | Mill |
| 12:50 | Create | Villager (Male) |
| 12:56 | Create | Scout Cavalry |
| 12:58 | Create | Scout Cavalry |
| 13:16 | Create | Scout Cavalry |
| 13:28 | Create | Villager (Male) |
| 13:40 | Build | Blacksmith |
| 13:42 | Build | House |
| 13:54 | Research | Bloodlines |
| 14:03 | Create | Villager (Male) |
| 14:23 | Create | Villager (Male) |
| 14:23 | Create | Villager (Male) |
| 14:33 | Create | Villager (Male) |
| 14:42 | Create | Villager (Male) |
| 14:47 | Build | House |
| 14:49 | Research | Forging |
| 15:01 | Create | Villager (Male) |
| 15:14 | Create | Scout Cavalry |
| 15:14 | Create | Scout Cavalry |
| 15:24 | Research | Scale Barding Armor |
| 15:31 | Create | Villager (Male) |
| 15:53 | Create | Villager (Male) |
| 16:17 | Build | Mill |
| 16:29 | Create | Villager (Male) |
| 16:35 | Build | House |
| 17:20 | Create | Villager (Male) |
| 17:21 | Create | Villager (Male) |
| 17:32 | Build | Market |
| 17:35 | Create | Villager (Male) |
| 18:26 | Research | Castle Age |
| 18:53 | Build | Mill |
| 19:42 | Create | Spearman |
| 19:42 | Create | Spearman |
| 19:42 | Create | Spearman |
| 19:48 | Create | Scout Cavalry |
| 19:48 | Create | Scout Cavalry |
| 19:50 | Create | Scout Cavalry |
| 20:16 | Create | Villager (Male) |
| 20:29 | Build | House |
| 20:45 | Build | House |
| 20:49 | Research | Horse Collar |
| 21:06 | Age | Castle Age |
| 21:12 | Create | Villager (Male) |
| 21:29 | Build | Town Center |
| 21:31 | Create | Villager (Male) |
| 21:31 | Create | Villager (Male) |
| 21:32 | Create | Villager (Male) |
| 22:11 | Create | Villager (Male) |
| 22:27 | Create | Villager (Male) |
| 22:35 | Build | Lumber Camp |
| 22:37 | Create | Villager (Male) |
| 22:38 | Create | Villager (Male) |
| 22:49 | Create | Villager (Male) |
| 22:51 | Research | Double-Bit Axe |
| 22:51 | Research | Double-Bit Axe |
| 22:54 | Create | Villager (Male) |
| 23:01 | Create | Villager (Male) |
| 23:17 | Research | Bow Saw |
| 23:27 | Create | Villager (Male) |
| 23:30 | Create | Villager (Male) |
| 23:37 | Create | Camel Scout |
| 23:37 | Create | Camel Scout |
| 23:39 | Create | Villager (Male) |
| 24:12 | Build | Town Center |
| 24:14 | Create | Villager (Male) |
| 24:15 | Create | Villager (Male) |
| 24:15 | Create | Villager (Male) |
| 24:24 | Build | House |
| 24:36 | Create | Villager (Male) |
| 24:39 | Create | Villager (Male) |
| 24:47 | Build | Farm |
| 24:47 | Build | Farm |
| 24:47 | Build | Farm |
| 24:47 | Build | Farm |
| 24:59 | Create | Villager (Male) |
| 24:59 | Create | Villager (Male) |
| 25:06 | Create | Villager (Male) |
| 25:15 | Build | Farm |
| 25:15 | Build | Farm |
| 25:16 | Build | Farm |
| 25:16 | Build | Farm |
| 25:16 | Build | Farm |
| 25:16 | Build | Farm |
| 25:27 | Create | Villager (Male) |
| 25:38 | Create | Villager (Male) |
| 25:39 | Create | Villager (Male) |
| 25:42 | Build | Farm |
| 25:42 | Build | Farm |
| 25:43 | Build | Farm |
| 25:43 | Build | Farm |
| 25:43 | Build | Farm |
Build order — The Daunting Knight
First 150 of 503 actions detected
| 0:22 | Build | Town Center |
| 2:50 | Build | House |
| 3:03 | Research | Loom |
| 3:04 | Research | Loom |
| 3:04 | Create | Villager (Male) |
| 3:04 | Create | Villager (Male) |
| 3:05 | Create | Villager (Male) |
| 3:05 | Create | Villager (Male) |
| 3:05 | Create | Villager (Male) |
| 3:21 | Build | House |
| 5:11 | Create | Villager (Male) |
| 5:11 | Create | Villager (Male) |
| 5:11 | Create | Villager (Male) |
| 5:22 | Build | House |
| 5:23 | Build | House |
| 6:03 | Create | Villager (Male) |
| 6:08 | Create | Villager (Male) |
| 6:08 | Create | Villager (Male) |
| 6:08 | Create | Villager (Male) |
| 6:31 | Create | Villager (Male) |
| 6:31 | Create | Villager (Male) |
| 7:09 | Create | Villager (Male) |
| 7:09 | Create | Villager (Male) |
| 7:49 | Create | Villager (Male) |
| 7:49 | Create | Villager (Male) |
| 7:50 | Create | Villager (Male) |
| 7:59 | Build | Lumber Camp |
| 8:09 | Create | Villager (Male) |
| 8:24 | Create | Villager (Male) |
| 8:40 | Create | Villager (Male) |
| 8:40 | Create | Villager (Male) |
| 9:16 | Create | Villager (Male) |
| 9:22 | Build | House |
| 9:50 | Create | Villager (Male) |
| 9:59 | Create | Villager (Male) |
| 10:13 | Build | House |
| 10:26 | Build | Mill |
| 10:26 | Create | Villager (Male) |
| 10:57 | Create | Villager (Male) |
| 10:59 | Create | Villager (Male) |
| 11:10 | Build | House |
| 11:27 | Research | Feudal Age |
| 11:32 | Build | House |
| 13:03 | Create | Villager (Male) |
| 13:39 | Age | Feudal Age |
| 13:47 | Build | Market |
| 13:49 | Build | Blacksmith |
| 13:55 | Research | Double-Bit Axe |
| 14:00 | Create | Villager (Male) |
| 14:22 | Build | House |
| 14:22 | Build | House |
| 14:28 | Research | Castle Age |
| 14:28 | Research | Castle Age |
| 14:41 | Build | Mill |
| 15:33 | Research | Forging |
| 15:33 | Research | Scale Barding Armor |
| 15:54 | Build | Barracks |
| 16:15 | Build | House |
| 16:17 | Build | Palisade Wall |
| 16:23 | Build | House |
| 16:34 | Create | Spearman |
| 16:46 | Create | Villager (Male) |
| 17:09 | Age | Castle Age |
| 17:09 | Build | Stable |
| 17:25 | Create | Villager (Male) |
| 17:32 | Create | Steppe Lancer |
| 17:35 | Create | Steppe Lancer |
| 17:54 | Create | Villager (Male) |
| 18:03 | Create | Villager (Male) |
| 18:14 | Create | Villager (Male) |
| 18:17 | Build | Stable |
| 18:22 | Create | Villager (Male) |
| 18:38 | Research | Husbandry |
| 18:46 | Create | Villager (Male) |
| 19:04 | Create | Villager (Male) |
| 19:14 | Create | Villager (Male) |
| 19:50 | Build | Town Center |
| 19:51 | Create | Villager (Male) |
| 20:04 | Create | Villager (Male) |
| 20:11 | Create | Villager (Male) |
| 20:20 | Build | Mining Camp |
| 20:40 | Create | Villager (Male) |
| 21:12 | Research | Gold Mining |
| 21:17 | Create | Villager (Male) |
| 21:25 | Create | Steppe Lancer |
| 21:31 | Create | Villager (Male) |
| 21:41 | Create | Villager (Male) |
| 21:41 | Create | Villager (Male) |
| 22:05 | Build | Lumber Camp |
| 22:13 | Create | Villager (Male) |
| 22:20 | Create | Villager (Male) |
| 22:22 | Create | Steppe Lancer |
| 22:28 | Create | Villager (Male) |
| 22:50 | Create | Villager (Male) |
| 22:51 | Build | House |
| 22:52 | Build | House |
| 22:53 | Build | House |
| 23:05 | Create | Villager (Male) |
| 23:09 | Research | Bloodlines |
| 23:26 | Research | Chain Barding Armor |
| 23:28 | Create | Steppe Lancer |
| 23:49 | Create | Villager (Male) |
| 23:53 | Build | Mill |
| 23:55 | Create | Villager (Male) |
| 23:58 | Create | Steppe Lancer |
| 24:32 | Create | Villager (Male) |
| 24:39 | Research | Iron Casting |
| 24:41 | Create | Villager (Male) |
| 24:41 | Create | Villager (Male) |
| 25:00 | Build | Town Center |
| 25:20 | Create | Villager (Male) |
| 25:20 | Create | Villager (Male) |
| 25:31 | Create | Villager (Male) |
| 25:50 | Create | Villager (Male) |
| 25:51 | Create | Villager (Male) |
| 25:53 | Create | Steppe Lancer |
| 25:53 | Create | Steppe Lancer |
| 26:11 | Create | Spearman |
| 26:18 | Create | Steppe Lancer |
| 26:18 | Create | Steppe Lancer |
| 26:43 | Create | Villager (Male) |
| 26:44 | Create | Villager (Male) |
| 26:44 | Create | Villager (Male) |
| 26:44 | Create | Villager (Male) |
| 26:45 | Create | Villager (Male) |
| 26:45 | Create | Villager (Male) |
| 27:18 | Create | Villager (Male) |
| 27:22 | Build | House |
| 27:23 | Build | House |
| 27:23 | Build | House |
| 27:23 | Build | House |
| 27:23 | Build | House |
| 27:23 | Build | House |
| 27:24 | Build | House |
| 27:24 | Build | House |
| 27:27 | Research | Horse Collar |
| 27:31 | Build | Farm |
| 27:32 | Build | Farm |
| 27:32 | Build | Farm |
| 27:32 | Build | Farm |
| 27:32 | Build | Farm |
| 27:33 | Build | Farm |
| 27:35 | Create | Villager (Male) |
| 27:35 | Create | Villager (Male) |
| 27:42 | Build | Town Center |
| 27:49 | Create | Villager (Male) |
| 27:49 | Create | Villager (Male) |
| 27:49 | Create | Villager (Male) |
| 28:05 | Create | Steppe Lancer |
| 28:05 | Create | Steppe Lancer |
Match timeline
| 2:59 | ajanderson120 · wall_segment Palisade Wall x1 |
| 3:05 | ajanderson120 · wall_segment Palisade Wall x1 |
| 3:21 | ajanderson120 · wall_segment Palisade Wall x1 |
| 3:25 | ajanderson120 · wall_segment Palisade Wall x1 |
| 8:15 | 正在长身体的菜鸡 · wall_segment Palisade Wall x21 |
| 10:07 | Hector the Well-Endowed · wall_segment Palisade Wall x1 |
| 10:09 | Hector the Well-Endowed · wall_segment Palisade Wall x1 |
| 10:31 | drkbeer · first_building Barracks |
| 11:05 | YOGRANNYCANTSCRAP · wall_segment Palisade Wall x1 |
| 11:18 | 正在长身体的菜鸡 · first_building Barracks |
| 11:20 | Hector the Well-Endowed · wall_segment Palisade Wall x1 |
| 11:20 | Hector the Well-Endowed · wall_segment Palisade Wall x1 |
| 11:37 | drkbeer · age_up feudal |
| 11:40 | drkbeer · first_building Stable |
| 11:46 | 正在长身体的菜鸡 · wall_segment Palisade Wall x3 |
| 11:47 | 正在长身体的菜鸡 · wall_segment Palisade Wall x1 |
| 11:55 | YOGRANNYCANTSCRAP · age_up feudal |
| 12:02 | Hector the Well-Endowed · first_building Barracks |
| 12:33 | Bro 平凡 · age_up feudal |
| 12:34 | 正在长身体的菜鸡 · wall_segment Palisade Wall x8 |
| 12:35 | 正在长身体的菜鸡 · wall_segment Palisade Wall x7 |
| 12:40 | 正在长身体的菜鸡 · age_up feudal |
| 12:41 | Bro 平凡 · wall_segment Palisade Wall x1 |
| 12:49 | 正在长身体的菜鸡 · first_building Archery Range |
| 12:52 | Hector the Well-Endowed · wall_segment Palisade Wall x1 |
| 12:53 | Hector the Well-Endowed · wall_segment Palisade Wall x1 |
| 12:59 | ajanderson120 · age_up feudal |
| 13:01 | ajanderson120 · first_building Barracks |
| 13:06 | Happy to be Noob · age_up feudal |
| 13:26 | Hector the Well-Endowed · age_up feudal |
| 13:39 | The Daunting Knight · age_up feudal |
| 13:44 | Bro 平凡 · first_building Barracks |
| 14:27 | The Daunting Knight · first_market_sell 100 stone |
| 14:33 | YOGRANNYCANTSCRAP · first_building Dock |
| 14:49 | Bro 平凡 · first_building Archery Range |
| 15:22 | Hector the Well-Endowed · wall_segment Stone Wall x15 |
| 15:54 | The Daunting Knight · first_building Barracks |
| 16:10 | Happy to be Noob · first_building Barracks |
| 16:11 | ajanderson120 · first_building Stable |
| 16:17 | The Daunting Knight · wall_segment Palisade Wall x1 |
| 16:18 | Bro 平凡 · age_up castle |
| 16:42 | YOGRANNYCANTSCRAP · wall_segment Palisade Wall x1 |
| 17:03 | Happy to be Noob · age_up castle |
| 17:09 | The Daunting Knight · age_up castle |
| 17:09 | The Daunting Knight · first_building Stable |
| 18:04 | Happy to be Noob · first_building Castle |
| 18:40 | Hector the Well-Endowed · age_up castle |
| 19:18 | Happy to be Noob · first_building Siege Workshop |
| 20:27 | Hector the Well-Endowed · first_building Siege Workshop |
| 20:47 | Hector the Well-Endowed · first_market_buy 100 wood |
| 21:06 | drkbeer · age_up castle |
| 21:06 | drkbeer · first_market_sell 100 food |
| 21:07 | drkbeer · first_market_buy 100 wood |
| 24:27 | 正在长身体的菜鸡 · first_market_sell 100 wood |
| 24:29 | 正在长身体的菜鸡 · first_market_buy 100 food |
| 24:35 | Happy to be Noob · first_building Monastery |
| 25:26 | Hector the Well-Endowed · wall_segment Stone Wall x1 |
| 25:30 | Hector the Well-Endowed · wall_segment Stone Wall x1 |
| 25:56 | YOGRANNYCANTSCRAP · age_up castle |
| 25:59 | YOGRANNYCANTSCRAP · first_building Castle |
| 26:22 | Bro 平凡 · first_market_buy 100 stone |
| 27:14 | YOGRANNYCANTSCRAP · first_market_sell 500 wood |
| 27:39 | Bro 平凡 · first_building Monastery |
| 27:51 | 正在长身体的菜鸡 · age_up castle |
| 28:50 | The Daunting Knight · first_building Monastery |
| 28:58 | Hector the Well-Endowed · first_building Monastery |
| 29:14 | 正在长身体的菜鸡 · first_building Siege Workshop |
| 29:31 | YOGRANNYCANTSCRAP · first_market_buy 100 wood |
| 29:41 | YOGRANNYCANTSCRAP · first_building Barracks |
| 30:14 | YOGRANNYCANTSCRAP · first_building Archery Range |
| 30:37 | YOGRANNYCANTSCRAP · age_up imperial |
| 31:03 | YOGRANNYCANTSCRAP · first_building Stable |
| 31:05 | drkbeer · first_building Castle |
| 31:53 | Bro 平凡 · first_building Stable |
| 32:01 | The Daunting Knight · first_market_buy 100 stone |
| 32:29 | Hector the Well-Endowed · first_building Castle |
| 33:19 | Bro 平凡 · first_building Castle |
| 33:55 | 正在长身体的菜鸡 · first_building Stable |
| 33:58 | Happy to be Noob · first_building Stable |
| 34:44 | ajanderson120 · first_market_buy 500 food |
| 34:52 | Bro 平凡 · age_up imperial |
| 36:10 | The Daunting Knight · first_building Archery Range |
| 36:17 | drkbeer · first_building Siege Workshop |
| 36:44 | 正在长身体的菜鸡 · first_building Castle |
| 36:59 | Happy to be Noob · age_up imperial |
| 37:34 | The Daunting Knight · age_up imperial |
| 37:42 | 正在长身体的菜鸡 · first_building Monastery |
| 37:45 | ajanderson120 · age_up castle |
| 38:40 | Happy to be Noob · first_market_buy 100 food |
| 38:41 | Happy to be Noob · first_market_sell 100 food |
| 39:33 | drkbeer · age_up imperial |
| 39:57 | Bro 平凡 · wall_segment Palisade Wall x1 |
| 40:14 | YOGRANNYCANTSCRAP · tribute_sent a jugador 1 |
| 40:14 | YOGRANNYCANTSCRAP · tribute_sent a jugador 2 |
| 40:14 | YOGRANNYCANTSCRAP · tribute_sent a jugador 3 |
| 40:14 | YOGRANNYCANTSCRAP · tribute_sent a jugador 4 |
| 40:14 | YOGRANNYCANTSCRAP · tribute_sent a jugador 6 |
| 40:14 | YOGRANNYCANTSCRAP · tribute_sent a jugador 7 |
| 40:14 | YOGRANNYCANTSCRAP · tribute_sent a jugador 8 |
| 40:19 | Hector the Well-Endowed · first_market_sell 100 wood |
| 40:55 | ajanderson120 · first_building Siege Workshop |
| 41:53 | The Daunting Knight · first_building Castle |
| 42:43 | ajanderson120 · first_building Castle |
| 43:34 | Hector the Well-Endowed · age_up imperial |
| 45:06 | 正在长身体的菜鸡 · age_up imperial |
| 47:09 | ajanderson120 · wall_segment Stone Wall x11 |
| 47:25 | ajanderson120 · wall_segment Stone Wall x1 |
| 51:02 | ajanderson120 · age_up imperial |
| 52:32 | YOGRANNYCANTSCRAP · resign |
[ AI ANALYSIS · 1 CREDIT ]
What really happened in this match?
Wolo.gg analyzes every decision: build order, eco, micro, common mistakes by bracket. Personalized analysis on WhatsApp or Discord in 30 seconds.
Civ guide
Burgundians
Map guide
African Clearing
Perfil
Jugador #5875333